| TOP OF THE 1ST |
|
Kansas City Royals batting - Pitching for Detroit Tigers : RHP Dennis Martinez
|
|
Pitching: RHP Dennis Martinez
|
|
|
Batting: RHB Rickey Henderson
|
0-0: Foul Ball, location: 2F 0-1: Bunted foul 0-2: Strikes out swinging
|
|
Batting: LHB Gene Richards
|
0-0: Ball 1-0: Ball 2-0: Foul Ball, location: 2F 2-1: Fly out, F5 (Popup, 25F, EV 93.8 MPH)
|
|
Batting: RHB Bob Horner
|
0-0: Ball 1-0: Ground out 5-3 (Groundball, 56, EV 83.1 MPH)
|
| Top of the 1st over - 0 runs, 0 hits, 0 errors, 0 left on base; Kansas City 0 - Detroit 0 |
| BOTTOM OF THE 1ST |
|
Detroit Tigers batting - Pitching for Kansas City Royals : RHP Larry Christenson
|
|
Pitching: RHP Larry Christenson
|
|
|
Batting: SHB Lee Mazzilli
|
0-0: Ball 1-0: SINGLE (Line Drive, 56D, EV 93.8 MPH)
|
|
Batting: RHB Rusty Tillman
|
0-0: Ball 1-0: DOUBLE (Flyball, 8LXD, EV 87.5 MPH) Lee Mazzilli to third
|
|
Batting: SHB Tony Phillips
|
0-0: Ball 1-0: Ball 2-0: Ball 3-0: Called Strike 3-1: Called Strike 3-2: Fly out, F7 (Flyball, 7, EV 77.5 MPH) Runner from 3rd tags up, OUT at HOME! 7-2 Rusty Tillman to third
|
|
Batting: LHB Greg Brock
|
0-0: Fly out, F4 (Line Drive, 4M, EV 78.1 MPH)
|
| Bottom of the 1st over - 0 runs, 2 hits, 0 errors, 1 left on base; Kansas City 0 - Detroit 0 |
| TOP OF THE 2ND |
|
Kansas City Royals batting - Pitching for Detroit Tigers : RHP Dennis Martinez
|
|
Batting: RHB Gary Carter
|
0-0: Called Strike 0-1: Swinging Strike 0-2: DOUBLE (Flyball, 89XD, EV 100.6 MPH)
|
|
Batting: RHB Lloyd McClendon
|
0-0: Called Strike 0-1: Called Strike 0-2: Ground out 6-3 (Groundball, 56D, EV 81.3 MPH)
|
|
Batting: RHB Jeffrey Leonard
|
0-0: Called Strike 0-1: Called Strike 0-2: Strikes out swinging
|
|
Batting: LHB Rick Manning
|
0-0: Ball 1-0: Foul Ball, location: 2F 1-1: Swinging Strike 1-2: Strikes out looking
|
| Top of the 2nd over - 0 runs, 1 hit, 0 errors, 1 left on base; Kansas City 0 - Detroit 0 |
| BOTTOM OF THE 2ND |
|
Detroit Tigers batting - Pitching for Kansas City Royals : RHP Larry Christenson
|
|
Batting: RHB Larry Parrish
|
0-0: Ball 1-0: Swinging Strike 1-1: Called Strike 1-2: Reached on error, E6 (Groundball, 6S, EV 83.8 MPH)
|
|
Batting: LHB Randy S Johnson
|
0-0: Ball 1-0: Swinging Strike 1-1: Ball 2-1: Called Strike 2-2: Strikes out swinging
|
|
Batting: RHB Nick Capra
|
0-0: Called Strike 0-1: Grounds into double play, 6-4-3 (Groundball, 6, EV 108.8 MPH)
|
| Bottom of the 2nd over - 0 runs, 0 hits, 1 error, 0 left on base; Kansas City 0 - Detroit 0 |
| TOP OF THE 3RD |
|
Kansas City Royals batting - Pitching for Detroit Tigers : RHP Dennis Martinez
|
|
Batting: LHB Alvin Davis
|
0-0: Called Strike 0-1: Foul Ball, location: 2F 0-2: Foul Ball, location: 2F 0-2: Foul Ball, location: 2F 0-2: Ball 1-2: Fly out, F7 (Flyball, 78XD, EV 83.8 MPH)
|
|
Batting: RHB Alberto Gonzalez
|
0-0: Ball 1-0: Ball 2-0: Ball 3-0: Called Strike 3-1: Base on Balls
|
|
Batting: RHB Rickey Henderson
|
0-0: Called Strike 0-1: Ball 1-1: Fly out, F7 (Flyball, 7LS, EV 90.0 MPH)
|
|
Batting: LHB Gene Richards
|
0-0: Called Strike Alberto Gonzalez is caught stealing 2nd base 2-6
|
| Top of the 3rd over - 0 runs, 0 hits, 0 errors, 0 left on base; Kansas City 0 - Detroit 0 |
| BOTTOM OF THE 3RD |
|
Detroit Tigers batting - Pitching for Kansas City Royals : RHP Larry Christenson
|
|
Batting: LHB Dan Graham
|
0-0: Bunted foul 0-1: Ball 1-1: Swinging Strike 1-2: Ground out 5-3 (Groundball, 56, EV 102.5 MPH)
|
|
Batting: RHB Mike Sproles
|
0-0: Ball 1-0: SINGLE (Line Drive, 5D, EV 97.5 MPH)
|
|
Batting: SHB Lee Mazzilli
|
0-0: Called Strike 0-1: Called Strike 0-2: Ball 1-2: Ground out 4-3 (Groundball, 4S, EV 88.8 MPH) Mike Sproles to second
|
|
Batting: RHB Rusty Tillman
|
0-0: Ball 1-0: Ground out U3 (Groundball, 3, EV 88.8 MPH)
|
| Bottom of the 3rd over - 0 runs, 1 hit, 0 errors, 1 left on base; Kansas City 0 - Detroit 0 |
| TOP OF THE 4TH |
|
Kansas City Royals batting - Pitching for Detroit Tigers : RHP Dennis Martinez
|
|
Batting: LHB Gene Richards
|
0-0: Ball 1-0: Ball 2-0: Foul Ball, location: 2F 2-1: Called Strike 2-2: Foul Ball, location: 2F 2-2: Foul Ball, location: 2F 2-2: Ball 3-2: Foul Ball, location: 2F 3-2: Ground out 6-3 (Groundball, 6, EV 105.6 MPH)
|
|
Batting: RHB Bob Horner
|
0-0: Ball 1-0: Ball 2-0: Fly out, F9 (Flyball, 9LM, EV 90.6 MPH)
|
|
Batting: RHB Gary Carter
|
0-0: Ball 1-0: Ball 2-0: Ground out 6-3 (Groundball, 6, EV 91.9 MPH)
|
| Top of the 4th over - 0 runs, 0 hits, 0 errors, 0 left on base; Kansas City 0 - Detroit 0 |
| BOTTOM OF THE 4TH |
|
Detroit Tigers batting - Pitching for Kansas City Royals : RHP Larry Christenson
|
|
Batting: SHB Tony Phillips
|
0-0: Called Strike 0-1: Ball 1-1: Ball 2-1: Swinging Strike 2-2: Ball 3-2: Fly out, F8 (Flyball, 78XD, EV 78.8 MPH)
|
|
Batting: LHB Greg Brock
|
0-0: Called Strike 0-1: Called Strike 0-2: Ball 1-2: Ball 2-2: Foul Ball, location: 2F 2-2: Foul Ball, location: 2F 2-2: SOLO HOME RUN (Flyball, 89XD, EV 95.6 MPH), Distance : 425 ft
|
|
Batting: RHB Larry Parrish
|
0-0: Foul Ball, location: 2F 0-1: Foul Ball, location: 2F 0-2: Ball 1-2: Ball 2-2: Foul Ball, location: 2F 2-2: Ball 3-2: Fly out, F3 (Line Drive, 3, EV 72.5 MPH)
|
|
Batting: LHB Randy S Johnson
|
0-0: Ball 1-0: Ball 2-0: Called Strike 2-1: Ball 3-1: SINGLE (Line Drive, 78M, EV 86.9 MPH)
|
|
Batting: RHB Nick Capra
|
0-0: Ball 1-0: Called Strike 1-1: Swinging Strike 1-2: Ball 2-2: Foul Ball, location: 2F 2-2: SINGLE (Line Drive, 78M, EV 100.6 MPH) Randy S Johnson to second Runner from 2nd tries for 3rd, SAFE, throw by CF made to third
|
|
Batting: LHB Dan Graham
|
0-0: Foul Ball, location: 2F 0-1: SINGLE (Line Drive, 4D, EV 95.6 MPH) Randy S Johnson scores Nick Capra to second Runner from 2nd tries for 3rd, SAFE, no throw by RF
|
|
Batting: RHB Mike Sproles
|
0-0: Ball 1-0: Fly out, F8 (Flyball, 8RD, EV 103.1 MPH)
|
| Bottom of the 4th over - 2 runs, 4 hits, 0 errors, 2 left on base; Kansas City 0 - Detroit 2 |
| TOP OF THE 5TH |
|
Kansas City Royals batting - Pitching for Detroit Tigers : RHP Dennis Martinez
|
|
Batting: RHB Lloyd McClendon
|
0-0: Called Strike 0-1: Ball 1-1: Ground out U3 (Groundball, 34, EV 93.8 MPH)
|
|
Batting: RHB Jeffrey Leonard
|
0-0: Ball 1-0: Ground out 4-3 (Groundball, 4, EV 93.1 MPH)
|
|
Batting: LHB Rick Manning
|
0-0: Ball 1-0: Ball 2-0: Ball 3-0: Called Strike 3-1: Foul Ball, location: 2F 3-2: Fly out, F8 (Flyball, 8RD, EV 73.8 MPH)
|
| Top of the 5th over - 0 runs, 0 hits, 0 errors, 0 left on base; Kansas City 0 - Detroit 2 |
| BOTTOM OF THE 5TH |
|
Detroit Tigers batting - Pitching for Kansas City Royals : RHP Larry Christenson
|
|
Batting: SHB Lee Mazzilli
|
0-0: Called Strike 0-1: Ball 1-1: Ball 2-1: Foul Ball, location: 2F 2-2: Ground out 4-3 (Groundball, 4, EV 85.0 MPH)
|
|
Batting: RHB Rusty Tillman
|
0-0: Ball 1-0: Swinging Strike 1-1: Called Strike 1-2: Ground out U3 (Groundball, 3, EV 80.6 MPH)
|
|
Batting: SHB Tony Phillips
|
0-0: Foul Ball, location: 2F 0-1: Swinging Strike 0-2: Ball 1-2: Foul Ball, location: 2F 1-2: Ball 2-2: Fly out, F7 (Line Drive, 7, EV 96.3 MPH)
|
| Bottom of the 5th over - 0 runs, 0 hits, 0 errors, 0 left on base; Kansas City 0 - Detroit 2 |
| TOP OF THE 6TH |
|
Kansas City Royals batting - Pitching for Detroit Tigers : RHP Dennis Martinez
|
|
Batting: LHB Alvin Davis
|
0-0: Ball 1-0: Swinging Strike 1-1: Foul Ball, location: 2F 1-2: SINGLE (Flyball, 3D, EV 88.1 MPH) - OUT at second base trying to stretch hit.
|
|
Batting: RHB Alberto Gonzalez
|
0-0: Ground out 6-3 (Groundball, 6, EV 83.8 MPH)
|
|
Batting: RHB Rickey Henderson
|
0-0: Swinging Strike 0-1: Ball 1-1: Foul Ball, location: 2F 1-2: Ground out 4-3 (Groundball, 4, EV 107.5 MPH)
|
| Top of the 6th over - 0 runs, 1 hit, 0 errors, 0 left on base; Kansas City 0 - Detroit 2 |
| BOTTOM OF THE 6TH |
|
Detroit Tigers batting - Pitching for Kansas City Royals : RHP Larry Christenson
|
|
Batting: LHB Greg Brock
|
0-0: Fly out, F7 (Flyball, 7LS, EV 90.6 MPH)
|
|
Batting: RHB Larry Parrish
|
0-0: Foul Ball, location: 2F 0-1: Ball 1-1: Swinging Strike 1-2: Foul Ball, location: 2F 1-2: Fly out, F8 (Flyball, 89XD, EV 97.5 MPH)
|
|
Batting: LHB Randy S Johnson
|
0-0: Fly out, F8 (Flyball, 8RXD, EV 100.6 MPH)
|
| Bottom of the 6th over - 0 runs, 0 hits, 0 errors, 0 left on base; Kansas City 0 - Detroit 2 |
| TOP OF THE 7TH |
|
Kansas City Royals batting - Pitching for Detroit Tigers : RHP Dennis Martinez
|
|
Batting: LHB Gene Richards
|
0-0: Called Strike 0-1: Fly out, F1 (Line Drive, P, EV 69.4 MPH)
|
|
Batting: RHB Bob Horner
|
0-0: Foul Ball, location: 2F 0-1: Called Strike 0-2: Ball 1-2: Strikes out swinging
|
|
Batting: RHB Gary Carter
|
0-0: Ball 1-0: Fly out, F4 (Popup, 3S, EV 83.8 MPH)
|
| Top of the 7th over - 0 runs, 0 hits, 0 errors, 0 left on base; Kansas City 0 - Detroit 2 |
| BOTTOM OF THE 7TH |
|
Detroit Tigers batting - Pitching for Kansas City Royals : RHP Larry Christenson
|
|
Batting: RHB Nick Capra
|
0-0: Called Strike 0-1: SINGLE (Groundball, 6MD, EV 98.1 MPH)
|
|
Batting: LHB Dan Graham
|
0-0: Called Strike Nick Capra steals 2nd base 0-1: Ball 1-1: Intentional Walk
|
|
Batting: RHB Mike Sproles
|
0-0: Foul Ball, location: 2F 0-1: Ball 1-1: Bunted foul 1-2: Ball 2-2: Ball 3-2: Base on Balls Nick Capra to third Dan Graham to second
|
|
Batting: SHB Lee Mazzilli
|
0-0: Ball 1-0: Called Strike 1-1: Fly out, F8 (Flyball, 8LS, EV 83.8 MPH) Runner from 3rd tags up, SCORES, throw by CF Dan Graham to third
|
|
Batting: RHB Rusty Tillman
|
0-0: Ball 1-0: Foul Ball, location: 2F 1-1: Grounds into double play, 6-4-3 (Groundball, 6, EV 104.4 MPH)
|
| Bottom of the 7th over - 1 run, 1 hit, 0 errors, 1 left on base; Kansas City 0 - Detroit 3 |
| TOP OF THE 8TH |
|
Kansas City Royals batting - Pitching for Detroit Tigers : RHP Dennis Martinez
|
|
Batting: RHB Lloyd McClendon
|
0-0: Ball 1-0: Foul Ball, location: 2F 1-1: Swinging Strike 1-2: Reached on error, E6 (Groundball, 6, EV 86.9 MPH)
|
|
Batting: RHB Jeffrey Leonard
|
0-0: Ball 1-0: Called Strike 1-1: Foul Ball, location: 2F 1-2: Strikes out swinging
|
|
Batting: LHB Rick Manning
|
0-0: Ball 1-0: Fielders Choice at 2nd, 4-6 (Groundball, 34, EV 83.8 MPH)
|
|
Batting: LHB Alvin Davis
|
0-0: Ball 1-0: Swinging Strike 1-1: DOUBLE (Flyball, 8RXD, EV 103.1 MPH) Rick Manning to third Runner from 3rd tries for Home, SAFE, throw by CF to trailing runner, OUT at third! 8-4-5
|
| Top of the 8th over - 1 run, 1 hit, 1 error, 0 left on base; Kansas City 1 - Detroit 3 |
| BOTTOM OF THE 8TH |
|
Detroit Tigers batting - Pitching for Kansas City Royals : RHP Larry Christenson
|
|
Batting: SHB Tony Phillips
|
0-0: Called Strike 0-1: Ball 1-1: Ball 2-1: Foul Ball, location: 2F 2-2: Ball 3-2: Fly out, F8 (Flyball, 8LXD, EV 91.9 MPH)
|
|
Batting: LHB Greg Brock
|
0-0: Called Strike 0-1: Ball 1-1: Ground out 6-3 (Groundball, 6, EV 83.8 MPH)
|
|
Batting: RHB Larry Parrish
|
0-0: Ball 1-0: Ball 2-0: Ground out 5-3 (Groundball, 56, EV 99.4 MPH)
|
| Bottom of the 8th over - 0 runs, 0 hits, 0 errors, 0 left on base; Kansas City 1 - Detroit 3 |
| TOP OF THE 9TH |
|
Kansas City Royals batting - Pitching for Detroit Tigers : RHP Dennis Martinez
|
|
Now at 1B: William Young
|
|
|
Now in RF: Rusty Kuntz
|
|
|
Batting: RHB Alberto Gonzalez
|
0-0: DOUBLE (Line Drive, 7LS, EV 107.5 MPH)
|
|
Batting: RHB Rickey Henderson
|
0-0: Ball 1-0: Swinging Strike 1-1: Ball 2-1: Ground out 4-3 (Groundball, 4, EV 85.6 MPH) Alberto Gonzalez to third
|
|
Batting: LHB Gene Richards
|
0-0: Fly out, F7 (Line Drive, 7, EV 90.0 MPH) Runner from 3rd tags up, SCORES, no throw by LF
|
|
Batting: RHB Bob Horner
|
0-0: Ball 1-0: Fly out, F9 (Flyball, 89S, EV 85.6 MPH)
|
| Top of the 9th over - 1 run, 1 hit, 0 errors, 0 left on base; Kansas City 2 - Detroit 3 |
|